 Dungeon Crawl Stone Soup version 0.32-a0-918-g0f22ef8d61 (webtiles) character file.

Game seed: 8916218109987688510

67608 spaghetti the Marksdemonspawn (level 14, -6/129 HPs)
             Began as a Demonspawn Hunter on Apr 10, 2024.
             Was a High Priest of Kikubaaqudgha.
             Succumbed to a death drake's foul vapour
             ... in a Gauntlet.
             The game lasted 00:39:37 (18938 turns).

spaghetti the Marksdemonspawn (Demonspawn Hunter)  Turns: 18938, Time: 00:39:38

Health: -6/129     AC:  9    Str: 12    XL:     14   Next: 83%
Magic:  25/25      EV: 12    Int: 13    God:    Kikubaaqudgha [*****.]
Gold:   1573       SH: 11    Dex: 30    Spells: 10/28 levels left

rFire   . . .        p - +11 orcbow "Mufefaa" {drain, rElec rN+ Stlth-}
rCold   . . .        (shield currently unavailable)
rNeg    + . .        n - +0 toga "Victory" {*Victory Clar}
rPois   .            s - +2 hat
rElec   +            G - +1 cloak
rCorr   .            (gloves unavailable)
SInv    .            t - +2 pair of boots {Fly}
Will    ++...        d - amulet of reflection
Stlth   ++           H - +6 ring of dexterity
HPRegen 0.41/turn    M - +6 ring of dexterity
MPRegen 0.19/turn

%: no teleportation, reflection, clarity
@: lethally poisoned (-6 -> -46), flying, wreathed by umbra
A: large bone plates 2, powered by pain 2, robust 1, demonic touch 3, foul
shadow 1, fangs 1, talons 1, strong-willed 1, inability to read after injury 1
a: Renounce Religion, Unearth Wretches, Torment


You were in a Gauntlet.
You worshipped Kikubaaqudgha.
Kikubaaqudgha was extremely pleased with you.
You visited 3 branches of the dungeon, and saw 20 of its levels.
You also visited: Bailey, Gauntlet and Ice Cave.

You collected 1759 gold pieces.
You spent 186 gold pieces at shops.

Inventory:

Hand Weapons
 a - a +2 lajatang of freezing
 g - the +7 glaive of Truth {spect, Fly Stlth+}
   (You found it in a bailey)

   Fly:       It grants you flight.
   Stlth+:    It makes you more stealthy.
 p - the +11 orcbow "Mufefaa" (weapon) {drain, rElec rN+ Stlth-}
   (You found it on level 6 of the Dungeon)

   rElec:     It insulates you from electricity.
   rN+:       It protects you from negative energy.
   Stlth-:    It makes you less stealthy.
Missiles
 w - 29 boomerangs
 F - 3 throwing nets
 O - 3 curare-tipped darts
Armour
 n - the +0 toga "Victory" (worn) {*Victory Clar}
   (You found it on level 5 of the Dungeon)

   *Victory:  When the wearer kills a threatening monster, it has a chance to
   gain +1 AC, +1 Slay, and +1 Int, capping at +7.
   When the wearer uses a scroll or a potion with a hostile monster in sight,
   its bonuses reset to +0.
   Unequipping it also resets its bonuses to +0.
   Clar:      It protects you from confusion, rage, mesmerisation and fear.
 s - a +2 hat (worn)
 t - a +2 pair of boots of flying (worn)
 G - a +1 cloak (worn)
 K - the +0 helmet of Puoxt {Str+6}
   (You found it in a Gauntlet)

   Str+6:     It affects your strength (+6).
Jewellery
 d - an amulet of reflection (around neck)
 h - a ring of willpower
 j - a ring of positive energy
 u - a ring of positive energy
 x - a +5 ring of evasion
 z - a ring of ice
 A - a ring of wizardry
 B - a +5 ring of evasion
 C - a ring of protection from fire
 D - a ring of ice
 H - a +6 ring of dexterity (left hand)
 M - a +6 ring of dexterity (right hand)
 S - a +4 ring of protection
Wands
 b - a wand of flame (9)
 o - a wand of acid (1)
 q - a wand of polymorph (7)
 P - a wand of roots (1)
 Z - a wand of paralysis (4)
Scrolls
 f - 3 scrolls of amnesia
 i - 7 scrolls of teleportation
 l - 5 scrolls of vulnerability
 m - 2 scrolls of silence
 r - a scroll of brand weapon
 v - 2 scrolls of enchant armour
 y - 7 scrolls of identify
 I - a scroll of blinking
 N - 2 scrolls of torment
 T - 2 scrolls of immolation
 W - a scroll of enchant weapon
 X - 3 scrolls of noise
Potions
 c - 3 potions of invisibility
 e - 4 potions of attraction
 k - 3 potions of enlightenment
 E - a potion of ambrosia
 J - a potion of haste
 Q - 2 potions of degeneration
 R - a potion of brilliance
 U - a potion of might
 Y - a potion of cancellation
Miscellaneous
 V - a Gell's gravitambourine (inert)


   Skills:
 + Level 13.0 Fighting
 - Level 17.1 Ranged Weapons
 - Level 1.7 Dodging
 - Level 0.8 Stealth
 - Level 7.9 Spellcasting
 - Level 5.0 Summonings
 + Level 9.7 Necromancy
 - Level 2.0 Translocations
 - Level 5.0 Air Magic


You had 10 spell levels left.
You knew the following spells:

 Your Spells              Type           Power      Damage    Failure   Level
a - Blink                 Tloc           20%        N/A       9%          2
b - Summon Lightning Spi  Summ/Air       18%        N/A       19%         4
c - Fugue of the Fallen   Necr           30%        N/A       1%          3
d - Swiftness             Air            18%        N/A       5%          3
e - Death Channel         Necr           15%        N/A       36%         6

Your spell library contained the following spells:

 Spells                   Type           Power      Damage    Failure   Level
 Kiss of Death            Conj/Necr      68%        2d10      1%          1
 Necrotise                Necr           100%       1d9       1%          1
 Sublimation of Blood     Necr           30%        N/A       1%          2
 Vampiric Draining        Necr           30%        2d8       1%          3
 Call Imp                 Summ           36%        N/A       2%          2
 Cigotuvi's Dreadful Rot  Necr/Alch/Air  34%        N/A       2%          2
 Dispel Undead            Necr           30%        3d14      2%          4
 Shock                    Conj/Air       44%        1d5       4%          1
 Martyr's Knell           Necr/Summ      24%        N/A       7%          4
 Static Discharge         Conj/Air       22%        3-4/arc   8%          2
 Magic Dart               Conj           20%        1d4       14%         1
 Summon Ice Beast         Ice/Summ       11%        N/A       16%         3
 Airstrike                Air            9%         2d(2-18)  19%         4
 Anguish                  Hex/Necr       8%         N/A       19%         4
 Ensorcelled Hibernation  Hex/Ice        10%        N/A       22%         2
 Hailstorm                Conj/Ice       5%         3d5       38%         3
 Borgnjor's Vile Clutch   Necr/Erth      8%         N/A       45%         5
 Passage of Golubria      Tloc           10%        N/A       52%         4
 Brom's Barrelling Bould  Conj/Erth      5%         2d3       80%         4
 Petrify                  Alch/Erth      5%         N/A       80%         4
 Silence                  Hex/Air        5%         N/A       80%         5
 Freezing Cloud           Conj/Ice/Air   4%         6-21      89%         5
 Fireball                 Conj/Fire      2%         3d4       98%         5
 Irradiate                Conj/Alch      2%         3d12      98%         5
 Iskenderun's Battlesphe  Conj           5%         2d6       98%         5
 Haunt                    Necr/Summ      12%        N/A       99%         7
 Conjure Ball Lightning   Conj/Air       5%         3x3d6     100%        6
 Permafrost Eruption      Ice/Erth       2%         2x4d2     100%        6
 Sculpt Simulacrum        Ice/Alch       2%         N/A       100%        6
 Orb of Destruction       Conj           2%         9d5       100%        7
 Ozocubu's Refrigeration  Ice            2%         4d8       100%        7
 Borgnjor's Revivificati  Necr           15%        N/A       100%        8
 Lehudib's Crystal Spear  Conj/Erth      2%         10d2      100%        8
 Death's Door             Necr           15%        N/A       100%        9
 Polar Vortex             Ice            2%         N/A       100%        9


Dungeon Overview and Level Annotations

Branches:
Dungeon (14/15)            Temple (1/1) D:4            Lair (5/5) D:10
  Swamp (0/4) Lair:3       Spider (0/4) Lair:2          Orc (0/2) D:12
 Vaults (0/5) D:14         Bailey (visited)           IceCv (visited)
Gauntlet (1/1)
  Slime: Lair:4-5

Altars:
Ashenzari
Cheibriados
Dithmenos
Fedhas
Gozag
Hepliaklqana
Kikubaaqudgha
Makhleb
Nemelex Xobeh
Okawaru
Qazlal
Ru
Sif Muna
Trog
Uskayaw
Vehumet
Wu Jian
Xom
Yredelemnul
Beogh

Shops:
D:4 ?   D:6 :

Portals:
Trove: D:11 (give +4 fire dragon scales)

Annotations:
D:3 1 runed translucent door, Ruich's ghost, amateur GnWn
D:11 2 runed translucent doors, pokeman's ghost, journeyman DEHW
D:14 1 transporter Gauntlet 6 transporters, 1 runed translucent door, exclusion: 2 lightning spires


Innate Abilities, Weirdness & Mutations

You are mostly covered in large bone plates. (SH +6)
You sometimes gain power by taking damage.
You are robust. (+10% HP)
Your touch may irresistibly damage your foes and sap their willpower.
You are faintly shadowed, very rarely releasing foul flame when damaged in melee.
You have very sharp teeth.
You have sharp toenails.
You are strong-willed. (Will+)
You occasionally lose the ability to read scrolls when taking damage.


Message History

You are more poisoned.
Unknown command.
Unknown command.
Unknown command.
Okay, then.
Aiming: Gell's Gravitas
Press: ? - help, Dir - move target You rattle the tambourine.
Waves of gravity draw inward.
The death drake is pinned by gravity.
You are engulfed in dark miasma.
You are more poisoned.
You feel as though you will be slow longer.
You focus on the pain.
You feel your power returning.
You feel extremely sick.
Unknown command.
Unknown command.
Okay, then.
Okay, then.
Press: ? - help, v - describe, . - travel
Here: a death drake (lightly wounded, catching its breath, bound in place)
The floor.
Okay, then.
You fade into invisibility!
The +0 toga "Victory" stops glowing.
You feel extremely sick. The death drake breathes miasma at you.
The foul vapour engulfs you!
You are lethally poisoned!
* * * LOW HITPOINT WARNING * * *
Okay, then.
Blink to where?
Press: ? - help, Dir - move target
As you read the scroll of blinking, it crumbles to dust.
* * * LOW HITPOINT WARNING * * *
You feel extremely sick.
Your magical effects are unravelling.
You feel magically purged.
You feel yourself speed up.
You flicker back into view.
You feel a little less agile now.
Your fugue has ended.
You die...
Kikubaaqudgha rasps: You have failed me!
Welcome... death!

### ...
########.#########
.....°°..........#
.ß.ß.ß°©.©.ß.ß.ß.#
....k○°.......@..#
################## ##
###≈###.......###≈###≈##
≈#≈≈≈#..∩.ß.∩..#≈≈≈#≈≈≈#
.....................≈#
.#########.#########.##
.#...ZZ#.#.#I?[©[..#.≈##
.#.##)!#.#.#.####..#.≈≈#
.##°Z##..#.#.#...#.#.≈##


There were no monsters in sight!

Vanquished Creatures
  Gastronok (Lair:3)
  Kirke (Lair:4)
  A reaper (IceCv)
  Snorg (Lair:3)
  Erolcha (D:10)
  2 vault guards (D:14)
  4 hydras
  Harold (D:9)
  2 catoblepae
  Erica (D:8)
  An ogre mage (D:12)
  4 centaur warriors
  4 two-headed ogres
  4 boulder beetles
  Sonja (D:10)
  Amaemon (Lair:3)
  6 skeletal warriors
  A skyshark (Lair:4)
  A lindwurm (Lair:3)
  2 deep elf pyromancers
  An orc knight (Bailey)
  4 cyclopes
  3 manticores
  An orange demon (Lair:3)
  2 black mambas
  2 ice statues (IceCv)
  3 gargoyles
  10 cane toads
  10 komodo dragons
  5 ice devils (IceCv)
  4 rime drakes
  A yaktaur (D:14)
  6 trolls
  A tyrant leech (Lair:3)
  25 blink frogs
  3 slime creatures (D:14)
  7 wyverns
  2 shadows
  3 culicivoras (Lair:2)
  3 basilisks
  43 yaks
  2 dire elephant simulacra (IceCv)
  Grum (D:8)
  2 hogs (Lair:4)
  7 vampire mosquitoes
  2 death yak simulacra (IceCv)
  2 steam dragons
  An acid dragon (D:12)
  2 swamp worms (Lair:3)
  2 hydra simulacra (IceCv)
  17 water moccasins
  12 orc warriors
  3 black bears
  An ice beast (D:6)
  5 ogres
  24 wolves
  9 centaurs
  2 phantoms (D:5)
  A kobold brigand (D:10)
  15 bullfrogs
  A two-headed ogre simulacrum (IceCv)
  7 scorpions
  11 wights
  2 elephant simulacra (IceCv)
  2 electric eels (D:9)
  A howler monkey (D:12)
  3 bombardier beetles
  2 jellies
  8 orc priests
  A gnoll bouda (D:5)
  3 hounds
  A sleepcap (D:6)
  4 iguanas
  12 orc wizards
  A polar bear simulacrum (IceCv)
  2 troll simulacra (IceCv)
  A wolf simulacrum (IceCv)
  3 spriggan simulacra (IceCv)
  9 adders
  A gnoll (Bailey)
  A naga simulacrum (IceCv)
  2 shadow imps
  20 white imps
  6 ufetubi
  A ribbon worm (D:2)
  3 dart slugs
  59 orcs
  6 ball pythons
  5 endoplasms
  A giant cockroach (D:2)
  5 goblins
  6 hobgoblins
  12 jackals
  23 kobolds
  4 quokkas (D:4)
  3 bats
  5 frilled lizards
  7 rats
533 creatures vanquished.

Vanquished Creatures (collateral kills)
  A vault guard (D:14)
  2 arcanists (D:14)
  A gargoyle (D:14)
  4 hogs (Lair:4)
  A yak (Lair:3)
  A basilisk (Lair:2)
  A human (D:14)
  A spriggan simulacrum (IceCv)
  A troll simulacrum (IceCv)
  2 naga simulacra (IceCv)
15 creatures vanquished.

Vanquished Creatures (others)
  A yak (Lair:3)
  A bullfrog (Lair:3)
2 creatures vanquished.

Grand Total: 550 creatures vanquished

Notes
Turn   | Place    | Note
-------+----------+-------------------------------------------
     0 | D:1      | spaghetti the Demonspawn Hunter began the quest for the
                  | Orb.
     0 | D:1      | Reached XP level 1. HP: 16/16 MP: 1/1
    32 | D:1      | Reached skill level 4 in Ranged Weapons
   129 | D:1      | Gained mutation: You are partially covered in large bone
                  | plates. (SH +4) [demonic ancestry]
   129 | D:1      | Reached XP level 2. HP: 22/22 MP: 2/2
   667 | D:2      | Gained mutation: Your touch may inflict minor irresistible
                  | damage on your foes. [demonic ancestry]
   667 | D:2      | Reached XP level 3. HP: 27/27 MP: 3/3
   861 | D:2      | Reached skill level 5 in Ranged Weapons
  1259 | D:3      | Gained mutation: Your touch may inflict irresistible damage
                  | on your foes. [demonic ancestry]
  1259 | D:3      | Reached XP level 4. HP: 33/33 MP: 4/4
  1337 | D:3      | Found a runed translucent door.
  1337 | D:3      | Noticed Ruich's ghost (amateur GnWn)
  1454 | D:3      | HP: 1/33 [orc priest/nerve-wracking pain (8)]
  1579 | D:3      | Gained mutation: Your touch may irresistibly damage your
                  | foes and sap their willpower. [demonic ancestry]
  1579 | D:3      | Reached XP level 5. HP: 38/38 MP: 5/5
  1918 | D:3      | Found a faded altar of an unknown god.
  2074 | D:4      | Reached skill level 6 in Ranged Weapons
  2204 | D:4      | Noticed an ogre
  2243 | D:5      | Entered Level 5 of the Dungeon
  2251 | D:5      | Gained mutation: You are mostly covered in large bone
                  | plates. (SH +6) [demonic ancestry]
  2251 | D:5      | Reached XP level 6. HP: 44/44 MP: 6/6
  2292 | D:5      | Reached skill level 7 in Ranged Weapons
  2432 | D:5      | Reached XP level 7. HP: 39/50 MP: 7/7
  2563 | D:5      | Reached skill level 8 in Ranged Weapons
  2799 | D:5      | Found the +0 toga "Victory" {*Victory Clar}
  2822 | D:5      | Reached skill level 9 in Ranged Weapons
  2841 | D:5      | Reached XP level 8. HP: 49/56 MP: 8/8
  3201 | D:6      | Found a stormy altar of Qazlal.
  3201 | D:6      | Found a radiant altar of Vehumet.
  3272 | D:6      | Reached skill level 10 in Ranged Weapons
  3386 | D:6      | Identified the +11 orcbow "Mufefaa" {drain, rElec rN+
                  | Stlth-}
  3507 | D:6      | Reached skill level 11 in Ranged Weapons
  3702 | D:6      | Found Wieppek's Book Shoppe.
  3721 | D:6      | Found an opulent altar of Gozag.
  4002 | D:7      | Gained mutation: You are faintly shadowed, very rarely
                  | releasing foul flame when damaged in melee. [demonic
                  | ancestry]
  4002 | D:7      | Reached XP level 9. HP: 56/61 MP: 9/9
  4584 | D:8      | Found a flagged portal.
  4618 | Bailey   | Entered a bailey
  4655 | Bailey   | Reached skill level 12 in Ranged Weapons
  4697 | Bailey   | Noticed an orc knight
  4755 | Bailey   | Killed an orc knight
  4768 | Bailey   | Reached skill level 13 in Ranged Weapons
  5070 | Bailey   | Identified the +7 glaive of Truth {spect, Fly Stlth+}
  5211 | D:8      | Noticed Grum
  5217 | D:8      | Killed Grum
  5239 | D:8      | Noticed Erica
  5248 | D:8      | Killed Erica
  5249 | D:8      | Gained mutation: You sometimes gain a little power by
                  | taking damage. [demonic ancestry]
  5249 | D:8      | Reached XP level 10. HP: 51/67 MP: 10/10
  5377 | D:8      | Reached skill level 14 in Ranged Weapons
  5550 | D:8      | Noticed a two-headed ogre
  5555 | D:8      | Killed a two-headed ogre
  5556 | D:8      | Reached skill level 15 in Ranged Weapons
  5627 | D:8      | Learned a level 2 spell: Blink
  5646 | D:8      | Reached skill level 1 in Translocations
  5693 | D:8      | Learned a level 4 spell: Summon Lightning Spire
  5904 | D:9      | Noticed a cyclops
  5906 | D:9      | Killed a cyclops
  5914 | D:9      | Reached skill level 1 in Summonings
  5914 | D:9      | Reached skill level 1 in Air Magic
  5914 | D:9      | Reached XP level 11. HP: 53/75 MP: 11/11
  6096 | D:9      | Learned a level 3 spell: Fugue of the Fallen
  6239 | D:9      | Found a shimmering blue altar of Sif Muna.
  6534 | D:9      | Reached skill level 1 in Necromancy
  7178 | D:9      | Noticed Harold
  7182 | D:9      | Killed Harold
  7183 | D:9      | Reached skill level 5 in Necromancy
  7509 | D:4      | Found Wycol's Magic Scroll Boutique.
  7528 | D:4      | Bought a scroll of blinking for 90 gold pieces
  7528 | D:4      | Bought a scroll of teleportation for 36 gold pieces
  7528 | D:4      | Bought a scroll of teleportation for 36 gold pieces
  7528 | D:4      | Bought a scroll of identify for 24 gold pieces
  7882 | D:4      | Found a snail-covered altar of Cheibriados.
  8005 | D:4      | Found a staircase to the Ecumenical Temple.
  8015 | Temple   | Entered the Ecumenical Temple
  8029 | Temple   | Became a worshipper of Kikubaaqudgha
  8179 | D:10     | Entered Level 10 of the Dungeon
  8319 | D:10     | Found a staircase to the Lair.
  8371 | D:10     | Noticed Erolcha
  8378 | D:10     | Killed Erolcha
  8379 | D:10     | Reached skill level 16 in Ranged Weapons
  8406 | D:10     | Reached * piety under Kikubaaqudgha
  8406 | D:10     | Received a gift from Kikubaaqudgha
  8781 | D:10     | Noticed Sonja
  8787 | D:10     | Killed Sonja
  8788 | D:10     | Reached skill level 1 in Spellcasting
  9016 | D:11     | Found a portal to a secret trove of treasure.
  9221 | D:11     | Reached skill level 5 in Fighting
  9316 | D:11     | Noticed a necromancer
  9318 | D:11     | Noticed pokeman's ghost (journeyman DEHW)
  9318 | D:11     | Noticed a lich
  9318 | D:11     | Noticed a tengu reaver
  9319 | D:11     | Noticed an ogre mage
  9319 | D:11     | Noticed a skeletal warrior
  9319 | D:11     | Noticed a skeletal warrior
  9382 | D:11     | Found a runed translucent door.
  9391 | D:11     | Noticed a two-headed ogre
  9399 | D:11     | Killed a two-headed ogre
  9529 | D:11     | Gained mutation: Your body sometimes deteriorates upon
                  | taking damage. [potion of mutation]
  9583 | D:11     | Found a runed translucent door.
  9840 | D:12     | Noticed a two-headed ogre
  9847 | D:11     | Killed a two-headed ogre
  9967 | D:12     | Reached XP level 12. HP: 88/88 MP: 17/17
 10040 | D:12     | Found a roughly hewn altar of Beogh.
 10040 | D:12     | Found a staircase to the Orcish Mines.
 10171 | D:12     | Reached ** piety under Kikubaaqudgha
 10286 | D:12     | Noticed a catoblepas
 10310 | D:12     | Killed a catoblepas
 10312 | D:12     | Noticed a centaur warrior
 10314 | D:12     | Noticed an ogre mage
 10318 | D:12     | Killed a centaur warrior
 10321 | D:12     | Reached skill level 5 in Spellcasting
 10322 | D:12     | Killed an ogre mage
 10407 | D:12     | Noticed a boulder beetle
 10412 | D:12     | Killed a boulder beetle
 10614 | D:12     | Noticed a two-headed ogre
 10619 | D:12     | Killed a two-headed ogre
 11059 | D:13     | Noticed a centaur warrior
 11064 | D:13     | Killed a centaur warrior
 11286 | D:13     | Noticed a centaur warrior
 11290 | D:13     | Killed a centaur warrior
 11377 | D:13     | Noticed a boulder beetle
 11387 | D:13     | Killed a boulder beetle
 12086 | D:14     | Lost mutation: Your body sometimes deteriorates upon taking
                  | damage. [potion of mutation]
 12086 | D:14     | Gained mutation: Your mind is acute. (Int +4, Str/Dex -1)
                  | [potion of mutation]
 12086 | D:14     | Gained mutation: You occasionally lose the ability to read
                  | scrolls when taking damage. [potion of mutation]
 12086 | D:14     | Gained mutation: You are resistant to electric shocks.
                  | (rElec) [potion of mutation]
 12120 | D:14     | Gained mutation: You sometimes gain power by taking damage.
                  | [demonic ancestry]
 12120 | D:14     | Reached XP level 13. HP: 100/100 MP: 23/23
 12152 | D:14     | Reached *** piety under Kikubaaqudgha
 12152 | D:14     | Received a gift from Kikubaaqudgha
 12225 | D:14     | Found a transporter.
 12275 | D:14     | Reached skill level 17 in Ranged Weapons
 12860 | D:14     | Found a gate to the Vaults.
 12983 | Lair:1   | Entered Level 1 of the Lair of Beasts
 13051 | D:10     | Reached skill level 10 in Fighting
 13745 | Lair:1   | Identified the +8 dagger of Linearity {antimagic, rElec rF-
                  | Will- Str+3}
 13818 | Lair:1   | Reached **** piety under Kikubaaqudgha
 14170 | Lair:2   | Reached skill level 5 in Summonings
 14181 | Lair:2   | Learned a level 3 spell: Swiftness
 14188 | Lair:2   | Learned a level 6 spell: Death Channel
 14467 | Lair:2   | Reached ***** piety under Kikubaaqudgha
 14768 | Lair:2   | Found a hole to the Spider Nest.
 14876 | Lair:2   | Gained mutation: You are robust. (+10% HP) [demonic
                  | ancestry]
 14876 | Lair:2   | Reached XP level 14. HP: 106/124 MP: 21/25
 15183 | Lair:3   | Found a frozen archway.
 15203 | IceCv    | Entered an ice cave
 15572 | IceCv    | Noticed a reaper
 15897 | IceCv    | Killed a reaper
 16177 | IceCv    | Got the Atlas of the Crevasse
 16685 | Lair:3   | Found a staircase to the Swamp.
 16749 | Lair:3   | Noticed Amaemon
 16817 | Lair:3   | Reached skill level 5 in Air Magic
 16818 | Lair:3   | Killed Amaemon
 16990 | Lair:3   | Noticed Snorg
 16999 | Lair:3   | Killed Snorg
 17035 | Lair:3   | Lost mutation: You are resistant to electric shocks.
                  | (rElec) [potion of mutation]
 17035 | Lair:3   | Lost mutation: Your mind is acute. (Int +4, Str/Dex -1)
                  | [potion of mutation]
 17035 | Lair:3   | Gained mutation: You have very sharp teeth. [potion of
                  | mutation]
 17035 | Lair:3   | Gained mutation: You are strong-willed. (Will+) [potion of
                  | mutation]
 17035 | Lair:3   | Gained mutation: You have sharp toenails. [potion of
                  | mutation]
 17300 | Lair:3   | Noticed Gastronok
 17312 | Lair:3   | Killed Gastronok
 17807 | Lair:4   | Noticed Kirke
 17813 | Lair:4   | Killed Kirke
 18492 | Lair:5   | Entered Level 5 of the Lair of Beasts
 18712 | Lair:5   | Found a gate leading to a gauntlet.
 18723 | Gauntlet | Entered a Gauntlet
 18723 | Gauntlet | Found a transporter.
 18723 | Gauntlet | Found a transporter.
 18762 | Gauntlet | Found a transporter.
 18766 | Gauntlet | Found a transporter.
 18766 | Gauntlet | Found a transporter.
 18766 | Gauntlet | Found a transporter.
 18786 | Gauntlet | Found a runed translucent door.
 18801 | Gauntlet | Found a transporter.
 18805 | Gauntlet | Found a transporter.
 18816 | Gauntlet | Found a transporter.
 18829 | Gauntlet | Found a transporter.
 18846 | Gauntlet | Found a transporter.
 18847 | Gauntlet | Found a transporter.
 18931 | Gauntlet | Identified the +0 helmet of Puoxt {Str+6}
 18938 | Gauntlet | Succumbed to a death drake's foul vapour

Illustrated notes

Levels and vault maps discovered:
D:1:      tarquinn_simple_flora_water_a, layout_basic, feat_on_display
D:2:      layout_loops_cross, minmay_fractal_squares_5
D:3:      layout_rooms, shapermc_ecumenical_altar_mp_vishouse,
          gammafunk_ghost_grave, chequers_arboretum
D:4:      layout_loops_ring, lemuel_coloured_pillars_altar,
          minmay_temple_entry_poolview, serial_shops,
          nicolae_shop_just_a_little_nook, serial_glass, glass_columns_b,
          glass_columns_c, glass_columns_a, glass_columns_a, glass_columns_a,
          glass_columns_a, minmay_distorted
D:5:      layout_basic, tso_metal_star, hangedman_minor_gate_pass
D:6:      layout_rooms, mainiacjoe_overflow_paths, jmf_multi_god_temple,
          serial_shops, nicolae_square_shop, kennysheep_cluttered_room
D:7:      layout_loops_ring, wad_floor_pattern_untrapped
D:8:      layout_loops_ring, enter_bailey_1, kennysheep_generic_room_14,
          uniq_grum, uniq_erica
D:9:      layout_layer_cave, hellmonk_sif_muna_bookshelves,
          kennysheep_cross_bottleneck, serial_library_hellmonk_open_square,
          uniq_harold
D:10:     layout_roguey, minmay_lair_entry_grove, minivault_23, uniq_erolcha,
          uniq_sonja
D:11:     layout_irregular_city, enter_trove_3, muffindrake_ghost_dual_entry
D:12:     minmay_chambers_of_sevens, layout_loops_ring, david_orc_5,
          serial_rivers, chequers_serial_rivers_room_a,
          chequers_serial_rivers_micro_e, chequers_serial_rivers_micro_a,
          chequers_serial_rivers_large_a
D:13:     layout_loops_ring
D:14:     gammafunk_its_a_trap, layout_cave_pools, grunt_vaults_entry_fortified
Temple:   compressed_dpeg_triangle_lava_temple
Lair:1:   wander_river, layout_hall_layers, grunt_megastairs_4
Lair:2:   layout_small_grid, hellmonk_spider_entry_life_and_decay,
          grunt_forest_large_clearings
Lair:3:   layout_long_grid, palyth_hydra_swamp_entry,
          portal_ice_cave_entry_imps, grunt_megastairs_3,
          infiniplex_staircase_pool_2, uniq_amaemon, uniq_gastronok, uniq_snorg
Lair:4:   layout_loops_ring, wad_woods_road_03, nzn_sisyphean_effort, uniq_kirke
Lair:5:   hellmonk_lair_end_abyssal_woods, layout_loops_ring,
          dpeg_slime_entry_corner, gauntlet_entry_generic, serial_bayou_shore_a,
          uniq_rupert
Gauntlet: minmay_gauntlet_77_indecision [minmay_gauntlet_arena_77_path,
          minmay_gauntlet_arena_77_double_cross, minmay_gauntlet_arena_77_mess,
          minmay_gauntlet_arena_77_two_paths, minmay_gauntlet_arena_77_box,
          minmay_gauntlet_arena_77_squiggly, dreamdust_gauntlet_exit_labyrinth]

Skill      XL: |  1  2  3  4  5  6  7  8  9 10 11 12 13 14 |
---------------+-------------------------------------------+-----
Ranged Weapons | 4 5 6 7 9 11 13 15 16 17 | 17.1
Translocations | 2 |  2.0
Fighting       | 3 6 8 11 13 | 13.0
Summonings     | 1 5 |  5.0
Air Magic      | 1 3 5 |  5.0
Necromancy     | 5 9 |  9.7
Spellcasting   | 3 6 7 |  7.9
Dodging        | |  1.7
Stealth        | |  0.8

Action                     |  1- 3 |  4- 6 |  7- 9 | 10-12 | 13-15 || total
---------------------------+-------+-------+-------+-------+-------++-------
   Fire: Shortbow          |    23 |       |       |       |       ||    23
         Sling             |    65 |   113 |   112 |       |       ||   290
         Orcbow            |       |       |   149 |   371 |   516 ||  1036
   Cast: Fugue of the Fall |       |       |       |    37 |    48 ||    85
         Summon Lightning  |       |       |       |       |    13 ||    13
         Blink             |       |       |       |       |     4 ||     4
         Swiftness         |       |       |       |       |     2 ||     2
         Death Channel     |       |       |       |       |     1 ||     1
 Invoke: Unearth Wretches  |       |       |       |       |     2 ||     2
  Evoke: Wand              |       |       |     5 |     1 |     5 ||    11
         Gell's gravitambo |       |       |       |     2 |     3 ||     5
    Use: Scroll            |       |     6 |     8 |    10 |    12 ||    36
         Potion            |       |     3 |     6 |     2 |    13 ||    24
 Armour: Leather armour    |    30 |    25 |     7 |       |       ||    62
         Robe              |       |       |    29 |    62 |   166 ||   257
  Dodge: Dodged            |    30 |    23 |    35 |    49 |    92 ||   229
  Block: Other             |     8 |    21 |    30 |    36 |    78 ||   173
         Reflection        |       |       |     2 |    13 |     5 ||    20

Table legend: (Time is in decaauts)
 A = Elapsed time spent in this place.
 B = Non-inter-level travel time spent in this place.
 C = Inter-level travel time spent in this place.
 D = Time resting spent in this place.
 E = Time spent auto-exploring this place.
 F = Levels seen in this place.
 G = Mean time per level.
                   A        B        C        D        E       F      G
               +--------+--------+--------+--------+--------+-----+--------+
         Total |  18656 |  17727 |    929 |   1170 |  13902 |  23 |  811.1 |
       Dungeon |  12741 |  11942 |    799 |    793 |   9657 |  14 |  910.1 |
        Temple |     28 |      1 |     27 |      0 |      0 |   1 |   28.0 |
          Lair |   4069 |   3966 |    103 |     60 |   3330 |   5 |  813.8 |
        Bailey |    548 |    548 |      0 |    113 |    257 |   1 |  548.0 |
      Ice Cave |   1049 |   1049 |      0 |    181 |    657 |   1 | 1049.0 |
      Gauntlet |    218 |    218 |      0 |     21 |      0 |   1 |  218.0 |
               +--------+--------+--------+--------+--------+-----+--------+

Top non-repeatable levels by time:
     D:9: 1513 daAuts
  Lair:3: 1308 daAuts
    D:10: 1156 daAuts
    D:12: 1110 daAuts
   IceCv: 1049 daAuts
    D:11: 1029 daAuts
     D:5: 1007 daAuts
  Lair:2: 983 daAuts
    D:13: 964 daAuts
  Lair:4: 934 daAuts
    D:14: 928 daAuts
     D:3: 799 daAuts
     D:8: 773 daAuts
     D:7: 743 daAuts
     D:4: 741 daAuts
